[Event "Bundesturnier Hauptturnier 1 2024"]
[Site "Olten"]
[Date "2024.05.11"]
[Round "5.3"]
[White "Bauer, Christian"]
[Black "Sutter, Oliver"]
[Result "1-0"]
[ECO "B10"]
[WhiteElo "2576"]
[BlackElo "2304"]
[Annotator "TA"]
[PlyCount "121"]
[EventDate "2024.05.09"]
[EventType "tourn"]
[EventCountry "SUI"]
[SourceTitle "playchess.com"]
[Source "ChessBase"]
[SourceQuality "1"]
[TimeControl "5400+30"]

1. e4 c6 2. Nf3 d5 3. exd5 cxd5 4. Ne5 Nc6 5. d4 Qb6 6. c3 Bf5 7. Nd2 e6 8. Be2 Bd6 9. Nef3 Nf6 10. Nh4 Bg6 11. O-O Qc7 12. g3 a6 13. a4 Rc8 14. Ndf3 Bh5 15. Ng2 O-O 16. Bf4 Ne4 17. Bxd6 Nxd6 18. Nf4 Bxf3 19. Bxf3 Na5 20. Re1 Nac4 21. Nd3 b6 22. Re2 Rfe8 23. Qe1 Qd7 24. Kg2 Nf5 25. h4 Red8 26. Bg4 Re8 27. Qd1 Nfd6 28. Bf3 Nf5 29. Qb3 Rb8 30. Rae1 Nfd6 31. Qc2 Rec8 32. Kg1 Rd8 33. Nb4 Qc8 34. Qc1 Na5 35. Qf4 Nc6 36. Nd3 Qc7 37. Qg4 Ne8 38. h5 (38. Qh3 $14) 38... h6 $11 39. Bg2 Nf6 40. Qh4 Ne7 41. g4 Qc4 ({Black should try} 41... b5 $14) 42. Ne5 $16 Qxa4 (42... Qc7 $16 {was worth a try.}) 43. f4 Rbc8 44. Qh3 (44. f5 $142 {fxe6 would now be deadly.} Re8 (44... exf5 $2 45. g5 $18) 45. fxe6 fxe6 46. Qh3) 44... Nc6 (44... Ne4 $16) 45. g5 $1 $18 (45. Nxf7 $6 Nxd4 46. Rd2 Kxf7 $16) 45... hxg5 46. fxg5 (46. Nxf7 Nxd4 47. fxg5 (47. Nxd8 Nxe2+ 48. Rxe2 g4 $11) (47. cxd4 Qxd4+ 48. Qe3 Qxe3+ 49. Rxe3 Kxf7 $17) 47... Nxe2+ (47... Kxf7 $2 48. cxd4 Qxd4+ 49. Rf2 $18) 48. Rxe2 Rf8 $14 (48... Qd1+ 49. Bf1 $14)) 46... Ne4 $2 (46... Nxe5 47. gxf6 (47. dxe5 Ne4 $16) (47. Rxe5 Nd7 $16) 47... gxf6 48. dxe5 f5) 47. Bxe4 $18 dxe4 48. Rxe4 $2 (48. h6 $18 {Threatening mate with hxg7.} Nxe5 49. hxg7 Nf3+ 50. Kf2) 48... Nxe5 $16 49. Rxe5 Qc2 50. g6 fxg6 $2 (50... Rf8 $16) 51. Qxe6+ $18 Kh7 52. hxg6+ $2 ({Not} 52. Qxb6 Rf8 53. Qxg6+ (53. Qxa6 Qf2+ 54. Kh1 Qh4+ 55. Kg1 Qg3+ 56. Kh1 Qf3+ 57. Kh2 Qf2+ 58. Kh1 Qh4+ 59. Kg1 Rxc3 $11) 53... Qxg6+ 54. hxg6+ Kxg6 $18) (52. Kh1 $18 {and White stays clearly on top. White wants to mate with R5e2.} g5 53. Rxg5) 52... Qxg6+ $16 53. Qxg6+ Kxg6 54. Re6+ Kf5 55. Rxb6 Rb8 {[%emt 0:00:14] [#]} 56. Rxb8 $1 Rxb8 57. Re2 ({White should play} 57. b4 $16) 57... a5 $14 58. d5 a4 59. Kf2 Rb3 {[%emt 0:02:47] [#]} (59... Rc8 $11 {remains equal.}) 60. d6 $1 $16 Rb7 $2 (60... Rb8 $16) 61. c4 1-0

[Event "Bundesturnier Hauptturnier 1 2024"]
[Site "Olten"]
[Date "2024.05.11"]
[Round "5.4"]
[White "Pahud, Cedric"]
[Black "Joie, Sebastien"]
[Result "1/2-1/2"]
[ECO "D11"]
[WhiteElo "2135"]
[BlackElo "2382"]
[Annotator "ChessBase"]
[PlyCount "137"]
[EventDate "2024.05.09"]
[EventType "tourn"]
[EventCountry "SUI"]
[SourceTitle "playchess.com"]
[Source "ChessBase"]
[SourceQuality "1"]
[TimeControl "5400+30"]

1. Nf3 d5 2. c4 c6 3. e3 Bg4 4. d4 Nf6 5. h3 Bxf3 6. Qxf3 e6 7. Nd2 Nbd7 8. Bd3 Be7 9. O-O O-O 10. Rd1 Qb6 11. b3 a5 12. a3 e5 13. cxd5 cxd5 14. dxe5 Nxe5 15. Qf5 Qe6 16. Bb2 Bd6 17. Nf3 Nxf3+ 18. gxf3 Be7 19. Rac1 Qxf5 20. Bxf5 g6 21. Bd3 Rfc8 22. Bb5 Kf8 23. a4 Bd8 24. Kg2 Ke7 25. Rxc8 Rxc8 26. Bxf6+ Kxf6 27. Rxd5 Be7 28. Rd7 b6 29. Rb7 Bc5 30. Bc4 Rf8 31. f4 h6 32. h4 Kg7 33. Kg3 Kf6 34. Kg4 Kg7 35. h5 Kf6 36. Rd7 Kg7 37. hxg6 Kxg6 38. Rc7 f5+ 39. Kh4 Rf6 40. Bg8 h5 41. Bd5 Bd6 42. Rd7 Bb4 43. Bf3 Be1 44. Kg3 Kh6 45. Rd1 Rg6+ 46. Kh2 Bxf2 47. e4 Bg3+ 48. Kh1 fxe4 49. Bxe4 Re6 50. Bd5 Rd6 51. f5 Kg5 52. Bf3 Rf6 53. Rd5 Kf4 54. Kg2 h4 55. Be2 Ke4 56. Bc4 Be5 57. Kh3 Kxf5 58. Rd1 Bf4 59. Rd5+ Be5 60. Rd1 Rf8 61. Bd3+ Kg5 62. Rf1 Bf4 63. Rg1+ Bg3 64. Rf1 Bf2 65. Bc4 Rf4 66. Kg2 h3+ 67. Kxh3 Rh4+ 68. Kg2 Bc5 69. Kf3 1/2-1/2

[Event "Bundesturnier Hauptturnier 1 2024"]
[Site "Olten"]
[Date "2024.05.11"]
[Round "5.5"]
[White "Loetscher, Roland"]
[Black "Gut, Lionel"]
[Result "1-0"]
[ECO "A29"]
[WhiteElo "2384"]
[BlackElo "2124"]
[Annotator "ChessBase"]
[PlyCount "49"]
[EventDate "2024.05.09"]
[EventType "tourn"]
[EventCountry "SUI"]
[SourceTitle "playchess.com"]
[Source "ChessBase"]
[SourceQuality "1"]
[TimeControl "5400+30"]

1. c4 e5 2. g3 Nf6 3. Bg2 d5 4. cxd5 Nxd5 5. Nf3 Nc6 6. O-O Be7 7. Nc3 Nb6 8. d3 O-O 9. a3 a5 10. Be3 Be6 11. Bxb6 cxb6 12. Nd2 Nd4 13. Bxb7 Rb8 14. Bg2 b5 15. e3 Nf5 16. Qe2 Qd7 17. Rfd1 Rfc8 18. Nf3 Bb3 19. Nxe5 Qe6 20. d4 Bxd1 21. Rxd1 Nh6 22. Nc6 Rb7 23. Nxa5 Rbc7 24. Nc6 Qb3 25. Bd5 1-0

[Event "Bundesturnier Hauptturnier 1 2024"]
[Site "Olten"]
[Date "2024.05.11"]
[Round "5.6"]
[White "Rohrer, Christophe"]
[Black "Gemelli, Romain"]
[Result "1-0"]
[ECO "C78"]
[WhiteElo "2240"]
[BlackElo "2047"]
[Annotator "ChessBase"]
[PlyCount "59"]
[EventDate "2024.05.09"]
[EventType "tourn"]
[EventCountry "SUI"]
[SourceTitle "playchess.com"]
[Source "ChessBase"]
[SourceQuality "1"]
[TimeControl "5400+30"]

1. e4 e5 2. Nf3 Nc6 3. Bb5 a6 4. Ba4 Nf6 5. O-O b5 6. Bb3 Bc5 7. Nc3 O-O 8. d3 d6 9. Nd5 Nxd5 10. Bxd5 Qe8 11. c3 Rb8 12. b4 Bb6 13. Be3 Be6 14. Bb3 Ne7 15. Nh4 Ng6 16. Nf5 Qd7 17. Qg4 Bxf5 18. exf5 Ne7 19. Bxb6 Rxb6 20. f4 g6 21. fxe5 Nxf5 22. Rae1 d5 23. d4 Rd8 24. Rf3 Ng7 25. Qh4 Rbb8 26. Ref1 Rf8 27. Qh6 Nh5 28. Bd1 f5 29. exf6 Rf7 30. g4 1-0

[Event "Bundesturnier Hauptturnier 1 2024"]
[Site "Olten"]
[Date "2024.05.11"]
[Round "5.7"]
[White "Retti, Ivan"]
[Black "Toktomushev, Teimur"]
[Result "1-0"]
[ECO "B40"]
[WhiteElo "2076"]
[BlackElo "2295"]
[Annotator "ChessBase"]
[PlyCount "63"]
[EventDate "2024.05.09"]
[EventType "tourn"]
[EventCountry "SUI"]
[SourceTitle "playchess.com"]
[Source "ChessBase"]
[SourceQuality "1"]
[TimeControl "5400+30"]

1. e4 c5 2. Nf3 e6 3. c3 d5 4. e5 d4 5. Bd3 Bd7 6. O-O Bc6 7. Na3 Nd7 8. Re1 Ne7 9. Be4 dxc3 10. bxc3 Bxe4 11. Rxe4 Nc6 12. d3 a6 13. Nc4 b5 14. Ne3 Qc7 15. a4 Rd8 16. axb5 axb5 17. Qb3 Rb8 18. d4 c4 19. Qd1 Rd8 20. Qe2 Nb6 21. Ng5 h6 22. Qh5 Qe7 23. Nh3 g6 24. Qf3 Bg7 25. Ba3 b4 26. Rf4 Nd5 27. Nxd5 Rxd5 28. Bxb4 Nxb4 29. Ra8+ Rd8 30. Rxf7 Nd5 31. Rxe7+ Nxe7 32. Rxd8+ 1-0

[Event "Bundesturnier Hauptturnier 1 2024"]
[Site "Olten"]
[Date "2024.05.11"]
[Round "5.8"]
[White "Loeffler, Markus"]
[Black "Menzi, Jonas"]
[Result "1-0"]
[ECO "C95"]
[WhiteElo "2238"]
[BlackElo "2063"]
[Annotator "ChessBase"]
[PlyCount "133"]
[EventDate "2024.05.09"]
[EventType "tourn"]
[EventCountry "SUI"]
[SourceTitle "playchess.com"]
[Source "ChessBase"]
[SourceQuality "1"]
[TimeControl "5400+30"]

1. e4 e5 2. Nf3 Nc6 3. Bb5 a6 4. Ba4 Nf6 5. O-O Be7 6. Re1 b5 7. Bb3 d6 8. c3 O-O 9. h3 Nb8 10. d4 Nbd7 11. Nbd2 Bb7 12. Bc2 Re8 13. Nf1 Bf8 14. Ng3 g6 15. a3 Bg7 16. a4 d5 17. Nxe5 Nxe5 18. dxe5 Nxe4 19. Nxe4 dxe4 20. Qxd8 Raxd8 21. Bg5 Rd7 22. axb5 axb5 23. Bxe4 Bxe4 24. Rxe4 f6 25. Be3 Rxe5 26. Rxe5 fxe5 27. Kf1 Kf7 28. Ke2 Ke6 29. Ra5 c6 30. b3 e4 31. c4 bxc4 32. bxc4 Rb7 33. Ra6 Kd6 34. Bb6 Bh6 35. h4 Bf4 36. g3 Bc1 37. Kd1 Bh6 38. Ke2 Bc1 39. g4 Bf4 40. Ra5 Ke6 41. Ra6 Kd6 42. h5 gxh5 43. gxh5 Bc1 44. Ra5 Bf4 45. Rf5 Be5 46. Be3 Rb2+ 47. Kf1 Ke6 48. Rf8 Ke7 49. Ra8 Rb7 50. Kg2 Ke6 51. Kh3 Rg7 52. h6 Rf7 53. Kg4 Bd6 54. Re8+ Re7 55. Rc8 Bc7 56. Bc5 Rf7 57. Be3 Kd7 58. Ra8 Rf6 59. Rg8 Rf7 60. Rg7 Ke6 61. Rxf7 Kxf7 62. Kf5 Bd6 63. Kxe4 Kg6 64. c5 Bh2 65. f4 Kxh6 66. Kf3 Kg6 67. Kg2 1-0

[Event "Bundesturnier Hauptturnier 1 2024"]
[Site "Olten"]
[Date "2024.05.11"]
[Round "5.9"]
[White "Bous, Florian"]
[Black "Prunescu, Claudiu"]
[Result "1/2-1/2"]
[ECO "D17"]
[WhiteElo "1970"]
[BlackElo "2249"]
[Annotator "ChessBase"]
[PlyCount "111"]
[EventDate "2024.05.09"]
[EventType "tourn"]
[EventCountry "SUI"]
[SourceTitle "playchess.com"]
[Source "ChessBase"]
[SourceQuality "1"]
[TimeControl "5400+30"]

1. d4 d5 2. c4 c6 3. Nf3 Nf6 4. Nc3 dxc4 5. a4 Bf5 6. Ne5 Na6 7. f3 Nd7 8. Nxc4 e5 9. dxe5 Qh4+ 10. g3 Qxc4 11. e4 Qc5 12. Bxa6 bxa6 13. exf5 Nxe5 14. Ne4 Qa5+ 15. Kf2 f6 16. Be3 Rd8 17. Qc2 Bb4 18. Qb3 Qd5 19. Qc2 Qd3 20. Rac1 O-O 21. Qe2 Rd5 22. Rhd1 Qb3 23. Bd4 Rfd8 24. f4 Rxd4 25. Rxd4 Rxd4 26. fxe5 Qd5 27. Kf3 Qxe5 28. Rc4 Qxf5+ 29. Kg2 Qd5 30. Rxd4 Qxd4 31. Nc3 Qe5 32. Qc4+ Kf8 33. Qxb4+ Kf7 34. Qc4+ Qe6 35. Qxa6 Qd7 36. Qc4+ Kg6 37. Qf4 h6 38. g4 h5 39. h3 hxg4 40. hxg4 f5 41. gxf5+ Qxf5 42. Qxf5+ Kxf5 43. Kf3 Ke5 44. Ke3 g5 45. b4 g4 46. Ne2 Kd5 47. Kd3 a6 48. Nc3+ Ke5 49. Ne4 Kf4 50. Kd4 Kf3 51. Ke5 Ke3 52. Nd6 g3 53. Nf5+ Kd3 54. Nxg3 Kc4 55. Kd6 Kxb4 56. Kxc6 1/2-1/2

[Event "Bundesturnier Hauptturnier 1 2024"]
[Site "Olten"]
[Date "2024.05.11"]
[Round "5.10"]
[White "Hirzel, Cedric"]
[Black "Schlegel, Igor"]
[Result "0-1"]
[ECO "A13"]
[WhiteElo "2086"]
[BlackElo "2215"]
[Annotator "ChessBase"]
[PlyCount "66"]
[EventDate "2024.05.09"]
[EventType "tourn"]
[EventCountry "SUI"]
[SourceTitle "playchess.com"]
[Source "ChessBase"]
[SourceQuality "1"]
[TimeControl "5400+30"]

1. c4 e6 2. Nf3 d5 3. g3 d4 4. Bg2 Nc6 5. O-O Bc5 6. d3 Nf6 7. Nbd2 a5 8. Nb3 Be7 9. e3 e5 10. exd4 exd4 11. Re1 O-O 12. Bg5 h6 13. Bxf6 Bxf6 14. a3 Bf5 15. Qc2 Rb8 16. Nc5 Be7 17. Ne4 Re8 18. Re2 Bf8 19. Rae1 Qd7 20. Nh4 Bg4 21. f3 Bh5 22. Bh3 Qxh3 23. Nf6+ gxf6 24. Rxe8 Rxe8 25. Rxe8 Ne5 26. Qf2 Qd7 27. Ra8 Bg6 28. Qd2 Kg7 29. Rxa5 c5 30. b4 Qc6 31. Kg2 Bxd3 32. b5 Qc8 33. f4 Be4+ 0-1

[Event "Bundesturnier Hauptturnier 1 2024"]
[Site "Olten"]
[Date "2024.05.11"]
[Round "5.12"]
[White "Rode, Antony"]
[Black "Rappazzo, Johannes"]
[Result "0-1"]
[ECO "E61"]
[WhiteElo "1984"]
[BlackElo "2129"]
[Annotator "ChessBase"]
[PlyCount "64"]
[EventDate "2024.05.09"]
[EventType "tourn"]
[EventCountry "SUI"]
[SourceTitle "playchess.com"]
[Source "ChessBase"]
[SourceQuality "1"]
[TimeControl "5400+30"]

1. d4 Nf6 2. c4 g6 3. Nc3 Bg7 4. g3 O-O 5. Bg2 d6 6. h3 c5 7. e3 cxd4 8. exd4 Qc7 9. b3 e5 10. Nge2 exd4 11. Nxd4 d5 12. Nxd5 Nxd5 13. Bxd5 Re8+ 14. Kf1 Nc6 15. Bf4 Qb6 16. Nb5 Be5 17. Bxe5 Rxe5 18. Kg2 Be6 19. Bxe6 fxe6 20. Re1 Rd8 21. Qc2 Nb4 22. Qc3 Nd3 23. Rxe5 Qxf2+ 24. Kh1 Qf3+ 25. Kh2 Qf2+ 26. Kh1 a6 27. Rd5 Qf3+ 28. Kh2 Qe2+ 29. Kg1 Qe3+ 30. Kh2 exd5 31. Nd4 Rf8 32. Nc2 Rf2+ 0-1

[Event "Bundesturnier Hauptturnier 1 2024"]
[Site "Olten"]
[Date "2024.05.11"]
[Round "6.1"]
[White "Gantner, Matthias"]
[Black "Bauer, Christian"]
[Result "0-1"]
[ECO "B30"]
[WhiteElo "2237"]
[BlackElo "2576"]
[Annotator "TA"]
[PlyCount "62"]
[EventDate "2024.05.09"]
[EventType "tourn"]
[EventCountry "SUI"]
[SourceTitle "playchess.com"]
[Source "ChessBase"]
[SourceQuality "1"]
[TimeControl "5400+30"]

1. e4 c5 2. Nf3 Nc6 3. Bb5 e6 4. O-O Nge7 5. d4 cxd4 6. Nxd4 Qc7 7. Be2 {[%emt 0:14:22] aiming for Nb5.} Ng6 8. c4 Bc5 {[%emt 0:14:43] White is slightly better.} 9. Nc2 O-O 10. Nc3 b6 11. Kh1 Nf4 12. Bf3 Ng6 13. Bg4 a6 14. f4 Be7 15. Be3 Na5 $1 16. b3 {[%emt 0:06:02] [#]} b5 $1 17. Qd2 bxc4 18. b4 Nc6 19. Rab1 Bb7 20. Rfd1 Nb8 (20... d6 $15) 21. a4 Bf6 {[%emt 0:06:08] White must now prevent ...Bxc3.} 22. e5 Be7 23. Nd4 Nh4 24. Bh3 f6 25. exf6 Bxf6 26. b5 {[%emt 0:00:29] Dodges Nc6} Kh8 27. b6 Qc8 28. a5 (28. Bf2 $14) 28... Nc6 $15 29. Ne4 $2 {[%emt 0:02:31][%mdl 8192] [#]} (29. Nde2 $11) 29... Nxd4 $1 $19 30. Nxf6 {[%emt 0:00:42] [#]} Ndf5 $1 {[%emt 0:01:03] A dynamic duo of knights.} ({Stronger than} 30... Ndf3 31. Qxd7 gxf6 32. Qe7 $11 (32. gxf3 $2 {perishes.} Rg8 $19) (32. Bxe6 Qe8 $11)) 31. Nxd7 c3 {[%emt 0:02:38] Weighted Error Value: White=0.33/Black=0.11 (very precise) .  Loses game:     	White=1     	---        Mistake:       	White=1     	Black=1      Inaccurate:     	White=4     	Black=4      OK:         	White=6     	Black=6      Best:        	White=1     	Black=1      Strong:       	---       	Black=3      Brilliant:      	---       	Black=1} 0-1

[Event "Bundesturnier Hauptturnier 1 2024"]
[Site "Olten"]
[Date "2024.05.11"]
[Round "6.2"]
[White "Loeffler, Markus"]
[Black "Baenziger, Fabian"]
[Result "1/2-1/2"]
[ECO "B90"]
[WhiteElo "2238"]
[BlackElo "2415"]
[Annotator "TA"]
[PlyCount "69"]
[EventDate "2024.05.09"]
[EventType "tourn"]
[EventCountry "SUI"]
[SourceTitle "playchess.com"]
[Source "ChessBase"]
[SourceQuality "1"]
[TimeControl "5400+30"]

1. e4 c5 2. Nf3 d6 3. d4 cxd4 4. Nxd4 Nf6 5. Nc3 a6 6. Be3 e5 7. Nb3 Be6 8. f3 Nbd7 9. g4 Nb6 10. g5 Nh5 11. Qd2 Be7 12. O-O-O Rc8 13. Na5 {[%emt 0:11:35] White is slightly better.} Qc7 14. Kb1 O-O 15. Rg1 {[%emt 0:01:45] [#]} (15. Qf2 $11 {remains equal.} Na4 16. Nxa4 Qxa5 17. b3) 15... g6 (15... d5 $1 $17 16. exd5 (16. Nxd5 $2 Bxd5 17. exd5 Nxd5 $19) 16... Nxd5 17. Nxd5 Bxd5) 16. h4 {[%emt 0:00:49] [#]} (16. Qf2 $11 Na4 17. Nxa4 Qxa5 18. b3) 16... Kh8 (16... d5 $1 $17 {[%cal Rd5d4] Strongly threatening ...d4.} 17. exd5 (17. Nxd5 $2 Bxd5 18. exd5 Nxd5 $19) 17... Nxd5 18. Nxd5 Bxd5) 17. Nd5 (17. Qf2 $11 Bd8 18. a3) 17... Nxd5 $15 18. exd5 Bf5 19. Bd3 Bxd3 20. cxd3 Qd7 21. Qb4 Rc7 22. Bb6 Rcc8 23. Be3 {[%emt 0:00:18] Prevents Nf4} Rc7 24. Rc1 (24. Bb6 $5 Rcc8 $8 25. d4 $11) 24... Rfc8 25. Rxc7 Rxc7 26. Rc1 (26. Bb6 $5 Rc8 $8 27. Be3 $16) 26... Rxc1+ 27. Kxc1 Qh3 28. Qg4 {[%emt 0:04:14] Against Ng3} Qf1+ 29. Kd2 {[%emt 0:02:18][%cal Og4d7,Bc1d2,Bd2c3,Bc3c2][%mdl 32] Black must now prevent Qd7!} Kg7 (29... Bf8 $15 30. Nxb7 Kg8) 30. Qd7 (30. Nxb7 $11 Bf8 31. a3) 30... Qg2+ 31. Kc3 Qxf3 (31... Bf8 $1 $15 32. Qxb7 Qxf3) 32. Qxe7 $11 {[%emt 0:02:12] Threatens to win with Nc4. The position is equal.} Qxe3 33. Nxb7 Qd4+ (33... Nf4 $5 34. Qf6+ $8 Kg8 35. Qd8+ Kg7 36. Qf6+ Kg8 37. Qd8+ Kg7 38. Nxd6 (38. Qf6+ Kg8 $11) 38... Qxd3+ (38... Nxd3 39. Qf6+ Kg8 40. Qxf7+ Kh8 41. Qf8#) (38... Nxd5+ 39. Kc2 $11) 39. Kb4 Qd4+ (39... Qxd5 40. Ka3 $11) (39... Nxd5+ $2 40. Ka5 $18) 40. Ka5 Qxd5+ 41. Kb6 h6 $11 (41... Qxa2 42. Ne8+ Kg8 43. Nf6+ Kg7 44. Qg8#)) 34. Kc2 Nf4 35. Qf6+ {[%emt 0:00:51] Weighted Error Value: White=0.27 (precise) /Black=0.23 (precise) .  Mistake:       	White=4     	Black=4      Inaccurate:     	White=2     	Black=4      OK:         	White=7     	Black=9      Best:        	White=4     	Black=2} 1/2-1/2

[Event "Bundesturnier Hauptturnier 1 2024"]
[Site "Olten"]
[Date "2024.05.11"]
[Round "6.3"]
[White "Schlegel, Igor"]
[Black "Loetscher, Roland"]
[Result "0-1"]
[ECO "B12"]
[WhiteElo "2215"]
[BlackElo "2384"]
[Annotator "ChessBase"]
[PlyCount "64"]
[EventDate "2024.05.09"]
[EventType "tourn"]
[EventCountry "SUI"]
[SourceTitle "playchess.com"]
[Source "ChessBase"]
[SourceQuality "1"]
[TimeControl "5400+30"]

1. e4 c6 2. d4 d5 3. e5 Bf5 4. Nf3 e6 5. Be2 c5 6. c3 Nc6 7. O-O cxd4 8. Nxd4 Nge7 9. Nxf5 Nxf5 10. Bd3 g6 11. Qe2 Bg7 12. f4 O-O 13. Kh1 f6 14. exf6 Qxf6 15. Nd2 e5 16. fxe5 Qxe5 17. Nf3 Qxe2 18. Bxe2 Rae8 19. Bd1 d4 20. cxd4 Ncxd4 21. Bd2 Ne3 22. Bxe3 Rxe3 23. Rc1 b5 24. h3 Kh8 25. Rc5 a6 26. b3 Be5 27. Rd5 Nf5 28. Kg1 Ng3 29. Rf2 Bc7 30. Rc2 Re1+ 31. Kf2 Rf1+ 32. Ke3 Bf4+ 0-1

[Event "Bundesturnier Hauptturnier 1 2024"]
[Site "Olten"]
[Date "2024.05.11"]
[Round "6.4"]
[White "Willems, Niels"]
[Black "Manko, Mariia"]
[Result "1-0"]
[ECO "D32"]
[WhiteElo "2329"]
[BlackElo "2247"]
[Annotator "ChessBase"]
[PlyCount "87"]
[EventDate "2024.05.09"]
[EventType "tourn"]
[EventCountry "SUI"]
[SourceTitle "playchess.com"]
[Source "ChessBase"]
[SourceQuality "1"]
[TimeControl "5400+30"]

1. c4 e6 2. Nc3 d5 3. e3 Nf6 4. Nf3 Be7 5. Be2 O-O 6. O-O c5 7. cxd5 exd5 8. d4 Nc6 9. dxc5 Bxc5 10. b3 Be6 11. Bb2 Ne4 12. Rc1 Be7 13. Nb5 Bf6 14. Bxf6 Qxf6 15. Nfd4 Rfc8 16. f3 Nxd4 17. exd4 Rxc1 18. Qxc1 Ng5 19. Qe3 a6 20. Nc3 h6 21. Bd3 Rd8 22. f4 Ne4 23. Nxe4 dxe4 24. Bxe4 Qxd4 25. Qxd4 Rxd4 26. Bxb7 Rd2 27. f5 Bd5 28. Bxd5 Rxd5 29. h3 Kf8 30. f6 g6 31. Rc1 Ke8 32. Rc6 Ra5 33. a4 Kd7 34. Rc3 Rf5 35. Rf3 Rc5 36. Re3 Kd6 37. Re7 Rc1+ 38. Kh2 Rc6 39. a5 Kc5 40. Rxf7 Kb4 41. Rf8 Kxa5 42. f7 Rf6 43. b4+ Ka4 44. b5 1-0

[Event "Bundesturnier Hauptturnier 1 2024"]
[Site "Olten"]
[Date "2024.05.11"]
[Round "6.5"]
[White "Rappazzo, Johannes"]
[Black "Rohrer, Christophe"]
[Result "1/2-1/2"]
[ECO "C51"]
[WhiteElo "2129"]
[BlackElo "2240"]
[Annotator "ChessBase"]
[PlyCount "186"]
[EventDate "2024.05.09"]
[EventType "tourn"]
[EventCountry "SUI"]
[SourceTitle "playchess.com"]
[Source "ChessBase"]
[SourceQuality "1"]
[TimeControl "5400+30"]

1. e4 e5 2. Nf3 Nc6 3. Bc4 Bc5 4. b4 Bb6 5. a4 a6 6. Nc3 Nf6 7. Nd5 Nxd5 8. exd5 Nd4 9. d6 Qf6 10. c3 Nxf3+ 11. Qxf3 Qxf3 12. gxf3 cxd6 13. Rg1 g6 14. d4 d5 15. Bxd5 exd4 16. Bh6 dxc3 17. a5 Bc7 18. O-O-O d6 19. Rge1+ Be6 20. Bxb7 Rb8 21. Bxa6 Rxb4 22. Bg7 Rg8 23. Bxc3 Rb3 24. Kd2 Rxc3 25. Rxe6+ fxe6 26. Kxc3 Bxa5+ 27. Kd3 Kf7 28. Ra1 Bd8 29. Ke2 Bg5 30. Ra2 Kf6 31. Kf1 Rb8 32. Bd3 Rb3 33. Ke2 Rb4 34. Kf1 d5 35. Bc2 Bf4 36. h3 Rc4 37. Ke2 Rc3 38. Bd3 Rc1 39. Ra4 Bd6 40. Ra7 Be7 41. Ra6 Bb4 42. Ke3 Bc5+ 43. Ke2 Rh1 44. Bb5 Rb1 45. Bd7 Bb6 46. Kd2 d4 47. Kc2 Rb4 48. Ra4 Rxa4 49. Bxa4 Kg5 50. Bd7 Kf4 51. Bc6 Bd8 52. Kd3 e5 53. Ke2 Bh4 54. Be4 Kg5 55. Bd3 Kf6 56. Be4 Ke6 57. Bd3 Kd5 58. Be4+ Kc4 59. Bd3+ Kb3 60. Be4 Kc3 61. Bb1 Kb4 62. Be4 Kc5 63. Bd3 Kd5 64. Be4+ Ke6 65. Bd3 Kf6 66. Bb1 Kg5 67. Bd3 Kh5 68. Bb5 Bg5 69. Bd7 Kh4 70. Bc8 Be7 71. Bd7 Bb4 72. Bc8 Kg5 73. Bb7 Kh4 74. Bc8 h5 75. Bd7 Ba5 76. Bc8 Kg5 77. Bb7 Kf4 78. Be4 g5 79. Bg6 g4 80. fxg4 h4 81. f3 Kg3 82. Bf5 Kf4 83. Bd7 Bd8 84. g5 Bxg5 85. Bg4 Kg3 86. Kd3 Kf2 87. Bh5 Bf4 88. Bg4 Kg2 89. Ke4 Kf1 90. Kd3 Ke1 91. Bh5 Kf2 92. Bg4 Be3 93. Bh5 Bf4 1/2-1/2

[Event "Bundesturnier Hauptturnier 1 2024"]
[Site "Olten"]
[Date "2024.05.11"]
[Round "6.6"]
[White "Gryshko, Vitalii"]
[Black "Retti, Ivan"]
[Result "1-0"]
[ECO "B33"]
[WhiteElo "2316"]
[BlackElo "2076"]
[Annotator "ChessBase"]
[PlyCount "71"]
[EventDate "2024.05.09"]
[EventType "tourn"]
[EventCountry "SUI"]
[SourceTitle "playchess.com"]
[Source "ChessBase"]
[SourceQuality "1"]
[TimeControl "5400+30"]

1. e4 c5 2. Nf3 Nc6 3. d4 cxd4 4. Nxd4 Nf6 5. Nc3 e5 6. Ndb5 d6 7. Bg5 a6 8. Bxf6 gxf6 9. Na3 b5 10. Nd5 f5 11. c3 Bg7 12. Nc2 O-O 13. exf5 Bxf5 14. Nce3 Be6 15. Bd3 f5 16. Qh5 e4 17. Bc2 Ne7 18. Nf4 Bf7 19. Qh3 Be5 20. Ne2 Qc8 21. O-O Be6 22. f4 Bg7 23. Rfd1 d5 24. Bb3 Qc5 25. Kh1 Kh8 26. Nd4 Bxd4 27. Rxd4 Rf6 28. Rad1 Rd8 29. Qh4 Kg7 30. Qf2 Bf7 31. Rxd5 Qxe3 32. Qxe3 Bxd5 33. Qa7 Kf8 34. Rxd5 Rxd5 35. Bxd5 Nxd5 36. Qa8+ 1-0

[Event "Bundesturnier Hauptturnier 1 2024"]
[Site "Olten"]
[Date "2024.05.11"]
[Round "6.7"]
[White "Joie, Sebastien"]
[Black "Bous, Florian"]
[Result "1-0"]
[ECO "C47"]
[WhiteElo "2382"]
[BlackElo "1970"]
[Annotator "ChessBase"]
[PlyCount "47"]
[EventDate "2024.05.09"]
[EventType "tourn"]
[EventCountry "SUI"]
[SourceTitle "playchess.com"]
[Source "ChessBase"]
[SourceQuality "1"]
[TimeControl "5400+30"]

1. e4 e5 2. Nf3 Nc6 3. Nc3 Nf6 4. a4 d5 5. exd5 Nxd5 6. Bb5 Nxc3 7. bxc3 Bd7 8. d4 exd4 9. O-O Be7 10. cxd4 O-O 11. Re1 Bf6 12. c3 Re8 13. Rxe8+ Bxe8 14. Bf4 a6 15. Bd3 Ne7 16. Qb1 c5 17. Bxh7+ Kh8 18. Be4 cxd4 19. Qxb7 Rc8 20. cxd4 Nc6 21. Rc1 Bxd4 22. Bxc6 Bxc6 23. Rxc6 Be5 24. Rxc8 1-0

[Event "Bundesturnier Hauptturnier 1 2024"]
[Site "Olten"]
[Date "2024.05.11"]
[Round "6.8"]
[White "Szakolczai, Peter"]
[Black "Sutter, Oliver"]
[Result "1/2-1/2"]
[ECO "B30"]
[WhiteElo "2183"]
[BlackElo "2304"]
[Annotator "ChessBase"]
[PlyCount "47"]
[EventDate "2024.05.09"]
[EventType "tourn"]
[EventCountry "SUI"]
[SourceTitle "playchess.com"]
[Source "ChessBase"]
[SourceQuality "1"]
[TimeControl "5400+30"]

1. e4 c5 2. Nc3 e6 3. Nf3 Nc6 4. Bb5 Nge7 5. O-O a6 6. Bxc6 Nxc6 7. d4 cxd4 8. Nxd4 Qc7 9. Re1 Be7 10. a4 O-O 11. Be3 d6 12. Nxc6 bxc6 13. a5 c5 14. Qd2 Bb7 15. Bg5 Bxg5 16. Qxg5 Rad8 17. Ra3 d5 18. e5 f6 19. exf6 Rxf6 20. Qg3 Qc6 21. f3 Rdf8 22. Rb3 Qc8 23. Rb6 Re8 24. Qh3 1/2-1/2